 Dungeon Crawl Stone Soup version 0.26-a0-812-g31a745ddcd (webtiles) character file.

Game seed: 3360087020904097286

17535 Dracia the Destroyer (level 12, 0/81 HPs)
             Began as a Green Draconian Conjurer on Dec 5, 2020.
             Was a Priest of Vehumet.
             Succumbed to a cane toad's poison
             ... on level 2 of the Lair of Beasts.
             The game lasted 00:35:17 (19891 turns).

Dracia the Destroyer (Green Draconian Conjurer)    Turns: 19891, Time: 00:35:18

Health: 0/81       AC: 14    Str:  9    XL:     12   Next: 19%
Magic:  1/35       EV: 12    Int: 23    God:    Vehumet [***...]
Gold:   761        SH:  0    Dex: 11    Spells: 11/32 levels left

rFire    . . .     SeeInvis +   e - +2 whip (elec)
rCold    . . .     Faith    .   (no shield)
rNeg     . . .     Spirit   +   (armour unavailable)
rPois    +         Reflect  .   (helmet restricted)
rElec    .         Harm     .   A - +2 cloak
rCorr    .         Rampage  .   (no gloves)
MR       .....                  J - +2 pair of boots
Stlth    ++........             G - amulet of guardian spirit
HPRegen  0.23/turn              W - ring of magical power
MPRegen  0.24/turn              v - ring of see invisible

@: lethally poisoned (0 -> -13)
A: breathe noxious fumes, unfitting armour, talons 1, poison resistance,
cold-blooded, MP-powered wands, AC +8
a: Breathe Noxious Fumes, Renounce Religion


You were on level 2 of the Lair of Beasts.
You worshipped Vehumet.
Vehumet was most pleased with you.
You visited 3 branches of the dungeon, and saw 15 of its levels.

You collected 761 gold pieces.


Innate Abilities, Weirdness & Mutations

You can breathe blasts of noxious fumes.
Your lurid green scales are hard. (AC +8)
You cannot fit into any form of body armour.
Your system is resistant to poisons. (rPois)
You are cold-blooded and may be slowed by cold attacks.
You have sharp toenails.
You expend magic power (3 MP) to strengthen your wands.


   Skills:
 - Level 1.7 Dodging
 - Level 1.7 Stealth
 - Level 10.6 Spellcasting
 - Level 12.0 Conjurations
 - Level 7.0 Hexes
 - Level 7.0 Translocations
 + Level 4.3 Fire Magic
 + Level 4.2 Air Magic


You had 11 spell levels left.
You knew the following spells:

 Your Spells              Type           Power        Failure   Level
d - Dazzling Flash        Conj/Hex       ######       1%          3
f - Fulminant Prism       Conj/Hex       ######....   1%          4
k - Airstrike             Air            ####......   2%          4
r - Inner Flame           Hex/Fire       #####...     1%          3
s - Searing Ray           Conj           ######       1%          2
z - Magic Dart            Conj           ####         1%          1
X - Iskenderun's Mystic   Conj/Tloc      ######..     1%          4

Your spell library contained the following spells:

 Spells                   Type           Power        Failure   Level
 Confusing Touch          Hex            #####...     1%          3
 Gell's Gravitas          Tloc           #####.....   1%          3
 Yara's Violent Unravell  Hex/Tmut       ####......   10%         5
 Metabolic Englaciation   Hex/Ice        ####......   34%         5
 Petrify                  Tmut/Erth      ##......     47%         4

Inventory:

Hand Weapons
 c - a +0 short sword
 e - a +2 whip of electrocution (weapon)
 i - a -2 dagger
 k - a +0 dagger of electrocution
Missiles
 j - 88 poisoned darts (quivered)
 p - 4 boomerangs of dispersal {=f=f}
 y - 4 datura-tipped darts
 z - 8 curare-tipped darts {=f=f}
 H - a throwing net {=f=f}
Armour
 x - a scarf of harm
 A - a +2 cloak (worn)
 J - a +2 pair of boots (worn)
Jewellery
 t - an uncursed ring of teleportation
 v - a ring of see invisible (right hand)
 E - a +4 ring of evasion
 G - an amulet of guardian spirit (around neck)
 M - an uncursed ring of protection from magic
 W - a ring of magical power (left hand)
Wands
 h - a wand of acid (5)
 l - a wand of enslavement (3)
 m - a wand of iceblast (23)
 o - a wand of polymorph (9)
 u - a wand of random effects (22)
Scrolls
 a - 8 scrolls of teleportation {@r4@r4}
 b - 9 scrolls of identify {@r1@r1}
 d - 7 scrolls of remove curse {@r2@r2}
 f - 2 scrolls of enchant armour
 n - 4 scrolls of magic mapping
 q - 3 scrolls of amnesia
 s - 4 scrolls of fear {unknown}
 w - 2 scrolls of fog {unknown}
 D - a scroll of vulnerability {unknown}
 F - 2 scrolls of acquirement {unknown}
Potions
 g - 3 potions of curing {@q1@q1}
 B - a potion of brilliance
 C - 2 potions of berserk rage {!q!q}
 I - a potion of heal wounds {@q2@q2}
 K - a potion of ambrosia {unknown}
Miscellaneous
 r - a tin of tremorstones (2/2)

Dungeon Overview and Level Annotations

Branches:
Dungeon (11/15)            Temple (1/1) D:5            Lair (3/6) D:10
  Swamp (0/4) Lair:2
 Shoals: Lair:2-4     Snake: Lair:2-4    Spider: Lair:2-4       Orc: D:9-12

Altars:
Ashenzari
Cheibriados
Dithmenos
Elyvilon
Fedhas
Gozag
Hepliaklqana
Kikubaaqudgha
Makhleb
Nemelex Xobeh
Okawaru
Qazlal
Ru
Sif Muna
Trog
Uskayaw
Vehumet
Wu Jian
Xom
Yredelemnul
Zin
The Shining One

Shops:
D:5 }   D:6 !

Annotations:
D:6 1 runed translucent door, emiel's ghost, novice FoEE

.........................##......
..P#...(......#...........#...#..
..##..#.......#.P.....#.###..##..
..##.####...#######.....##....###
..##..##.#..#######..#..##...P# #
...#.##P.#...##P#....#..##....#
.....................##..#...## #
...............YFY<...#..##..####
...............F@Y...#..P........
###.###.........S................
### ####....####P..............
##..## ##..##.####..... #..##
#....#.#P....... #..#
#..PP..#........ #####..#
##.............. ###......#
#.............. ###.P......#####
#...P..........


You could see a black mamba, 3 yaks and 2 cane toads.


Message History

The black mamba bites you but does no damage.
The cane toad closely misses you. The cane toad stings you!
* * * LOW HITPOINT WARNING * * *
The yak closely misses you. The black mamba bites you!
* * * LOW HITPOINT WARNING * * *
Your fulminant prism explodes!
The blast of energy engulfs the rime drake!
The rime drake is severely wounded.
The blast of energy engulfs the black mamba!!
The black mamba is almost dead.
The blast of energy engulfs the cane toad!!
The cane toad is almost dead.
The blast of energy engulfs the cane toad!!
The cane toad is almost dead.
The cane toad stings you!
* * * LOW HITPOINT WARNING * * *
You are poisoned.
The cane toad poisons you!
The cane toad stings you but does no damage.
You hear a loud, deep croak!
You hear a shout!
You hear an angry hiss. x2
You hear a croak.
You feel sick. The black mamba barely misses you. The yak gores you.
* * * LOW HITPOINT WARNING * * *
The yak gores you.
* * * LOW HITPOINT WARNING * * *
The cane toad completely misses you. The cane toad closely misses you.
The black mamba bites you!
* * * LOW HITPOINT WARNING * * *
You climb upwards.
You die...

Skill      XL: |  1  2  3  4  5  6  7  8  9 10 11 12 |
---------------+-------------------------------------+-----
Spellcasting   | 3 4 5 6 7 9 10 | 10.6
Conjurations   | 5 6 7 9 10 12 | 12.0
Translocations | 3 7 |  7.0
Hexes          | 3 7 |  7.0
Fire Magic     | 2 4 |  4.3
Air Magic      | 2 4 |  4.2
Dodging        | |  1.7
Stealth        | |  1.7

Action                   |  1- 3 |  4- 6 |  7- 9 | 10-12 || total
-------------------------+-------+-------+-------+-------++-------
Melee: Unarmed           |    15 |       |       |       ||    15
       Short sword       |    72 |    37 |       |       ||   109
       Tailslap          |     2 |     6 |    24 |    20 ||    52
       Dagger            |       |   123 |    15 |       ||   138
       Whip              |       |       |   317 |   254 ||   571
       Kick              |       |       |       |    20 ||    20
Throw: Dart              |       |       |     5 |       ||     5
 Cast: Magic Dart        |    17 |    12 |    52 |    55 ||   136
       Searing Ray       |     5 |     8 |    20 |    48 ||    81
       Iskenderun's Myst |       |       |     7 |    10 ||    17
       Airstrike         |       |       |       |    14 ||    14
       Dazzling Flash    |       |       |       |     1 ||     1
       Fulminant Prism   |       |       |       |     3 ||     3
 Abil: Breathe Noxious F |       |       |     3 |     6 ||     9
Evoke: Wand              |       |       |       |     2 ||     2
  Use: Scroll            |       |     7 |     3 |     1 ||    11
       Potion            |       |     3 |     4 |    12 ||    19
 Stab: Sleeping          |     2 |     3 |     7 |     2 ||    14
       Confused          |       |       |     2 |     2 ||     4
Armor: Skin              |    19 |    53 |   100 |   148 ||   320
Dodge: Dodged            |    59 |    98 |   313 |   330 ||   800

Levels and vault maps discovered:
D:1:      ebering_hopf_link, layout_basic, minmay_misc_feat_ornament
D:2:      layout_loops_corners, minmay_quantized
D:3:      layout_rooms, grunt_temple_overflow_forces_of_nature, uniq_grinder
D:4:      layout_basic, minmay_overflow_temple_hex, kennysheep_windowed_goal
D:5:      layout_loops_corners, minmay_temple_entry_glass, serial_shops,
          nicolae_shop_behind_doors
D:6:      layout_basic, ebering_ghost_reflecting_pool, serial_shops,
          kennysheep_mini_moat, chequers_serial_rivers_micro_d,
          cheibrodos_ashenzari_chains, uniq_eustachio
D:7:      layout_gridville, grunt_temple_overflow_cloverleaf
D:8:      layout_loops_corners, corexii_hall_statues_l, tgw_trog, uniq_pikel
D:9:      layout_basic, kennysheep_donut, minivault_29, uniq_psyche
D:10:     layout_gridville, due_lair_maze_entry_diamond, uniq_sonja
D:11:     minmay_the_grid_triangle_9x9_rhombus_full
          [minmay_the_grid_triangle_9x9_corrupted_corridor,
          minmay_the_grid_triangle_9x9_semitri,
          minmay_the_grid_triangle_9x9_steps,
          minmay_the_grid_triangle_9x9_alien,
          minmay_the_grid_triangle_9x9_zippers_vertical,
          minmay_the_grid_triangle_9x9_odd_lines,
          minmay_the_grid_triangle_9x9_warning,
          minmay_the_grid_triangle_9x9_prize_top_heavy], layout_basic,
          kennysheep_nondescript
Temple:   cyrus_temple_forest
Lair:1:   layout_long_grid, uniq_erica
Lair:2:   layout_gridlike, minmay_swamp_entry_swarm, grunt_megastairs_4,
          uniq_harold
Lair:3:   layout_chaotic_city, gauntlet_entry_generic, wad_woods_01

Notes
Turn   | Place    | Note
-------+----------+-------------------------------------------
     0 | D:1      | Dracia the Draconian Conjurer began the quest for the Orb.
     0 | D:1      | Reached XP level 1. HP: 14/14 MP: 3/3
   397 | D:1      | Reached XP level 2. HP: 16/20 MP: 5/5
   477 | D:1      | Learned a level 2 spell: Searing Ray
  1164 | D:2      | Reached XP level 3. HP: 26/26 MP: 7/7
  1863 | D:2      | Reached skill level 3 in Spellcasting
  2167 | D:2      | Reached XP level 4. HP: 26/33 MP: 6/8
  2425 | D:2      | Reached skill level 5 in Conjurations
  2826 | D:2      | Learned a level 3 spell: Dazzling Flash
  2843 | D:3      | Noticed an ice beast
  2855 | D:2      | Killed an ice beast
  2855 | D:2      | Reached skill level 4 in Spellcasting
  2855 | D:2      | Reached XP level 5. HP: 22/38 MP: 3/11
  3505 | D:3      | Found a stormy altar of Qazlal.
  3514 | D:3      | Found a blossoming altar of Fedhas.
  3884 | D:3      | Noticed Grinder
  3926 | D:3      | Killed Grinder
  3926 | D:3      | Reached skill level 6 in Conjurations
  3926 | D:3      | Reached XP level 6. HP: 26/45 MP: 7/13
  4257 | D:3      | Reached skill level 5 in Spellcasting
  4622 | D:4      | Your scales start taking on a lurid green colour.
  4622 | D:4      | Reached XP level 7. HP: 50/50 MP: 14/14
  4622 | D:4      | Gained mutation: Your system is resistant to poisons.
                  | (rPois) [Green Draconian growth]
  4906 | D:4      | Reached skill level 7 in Conjurations
  5211 | D:4      | Found a shimmering blue altar of Sif Muna.
  5214 | D:4      | Found a sacrificial altar of Ru.
  5214 | D:4      | Found an ancient bone altar of Kikubaaqudgha.
  5214 | D:4      | Found a glowing golden altar of the Shining One.
  5730 | D:4      | Found an opulent altar of Gozag.
  5730 | D:4      | Found a basalt altar of Yredelemnul.
  5779 | D:5      | Entered Level 5 of the Dungeon
  5839 | D:5      | Found Ruoll's Gadget Shop.
  5876 | D:5      | Reached skill level 6 in Spellcasting
  6165 | D:5      | Found a staircase to the Ecumenical Temple.
  6177 | Temple   | Entered the Ecumenical Temple
  6561 | D:5      | Learned a level 4 spell: Fulminant Prism
  6566 | D:5      | Learned a level 4 spell: Iskenderun's Mystic Blast
  6778 | D:5      | Reached XP level 8. HP: 36/57 MP: 17/17
  7020 | D:6      | Reached skill level 8 in Conjurations
  7191 | D:6      | Found Yvug's Distillery.
  7203 | D:6      | Found a broken altar of Ashenzari.
  7246 | D:6      | Reached skill level 7 in Spellcasting
  7842 | D:6      | Noticed Eustachio
  7854 | D:6      | Killed Eustachio
  7854 | D:6      | Reached skill level 9 in Conjurations
  8182 | D:6      | Reached XP level 9. HP: 53/61 MP: 20/20
  8238 | D:6      | Reached skill level 8 in Spellcasting
  8669 | D:6      | Found a runed translucent door.
  8674 | D:6      | Noticed emiel's ghost (novice FoEE)
  9483 | D:7      | Reached skill level 10 in Conjurations
  9546 | D:7      | Found a radiant altar of Vehumet.
  9549 | D:7      | Found an ornate altar of the Wu Jian Council.
  9552 | D:7      | Found a hazy altar of Hepliaklqana.
  9560 | D:7      | Became a worshipper of Vehumet
  9566 | D:7      | Found a broken altar of Ashenzari.
  9929 | D:7      | Reached skill level 9 in Spellcasting
 11349 | D:8      | Reached XP level 10. HP: 65/69 MP: 23/23
 11373 | D:8      | Reached * piety under Vehumet
 11373 | D:8      | Offered knowledge of Foxfire by Vehumet.
 11534 | D:8      | Noticed a two-headed ogre
 11545 | D:8      | Killed a two-headed ogre
 11545 | D:8      | Reached skill level 11 in Conjurations
 11720 | D:8      | Noticed Pikel
 11724 | D:8      | Killed Pikel
 11724 | D:8      | Reached skill level 10 in Spellcasting
 12062 | D:8      | Noticed a moth of wrath
 12065 | D:8      | Found a bloodstained altar of Trog.
 12959 | D:9      | Noticed Psyche
 12966 | D:9      | Killed Psyche
 13162 | D:9      | Reached skill level 12 in Conjurations
 13241 | D:9      | Reached ** piety under Vehumet
 13241 | D:9      | Offered knowledge of Shock by Vehumet.
 13241 | D:9      | Reached skill level 1 in Translocations
 13242 | D:9      | Reached skill level 1 in Hexes
 13271 | D:9      | Noticed a queen ant
 13386 | D:9      | Reached skill level 2 in Translocations
 13386 | D:9      | Reached skill level 2 in Hexes
 13399 | D:9      | Gained mutation: You expend magic power (3 MP) to
                  | strengthen your wands. [potion of mutation]
 13399 | D:9      | Gained mutation: Your spells are a little easier to cast,
                  | but a little less powerful. [potion of mutation]
 13399 | D:9      | Gained mutation: You have sharp toenails. [potion of
                  | mutation]
 13399 | D:9      | Lost mutation: Your spells are a little easier to cast, but
                  | a little less powerful. [potion of mutation]
 13402 | D:9      | Killed a queen ant
 13402 | D:9      | Reached skill level 3 in Hexes
 13402 | D:9      | Reached skill level 3 in Translocations
 13402 | D:9      | Reached XP level 11. HP: 34/74 MP: 5/25
 13414 | D:9      | Reached skill level 4 in Translocations
 13444 | D:9      | Offered knowledge of Inner Flame by Vehumet.
 13692 | D:9      | Learned a level 3 spell: Inner Flame
 13707 | D:9      | Reached skill level 4 in Hexes
 14706 | D:10     | Entered Level 10 of the Dungeon
 14714 | D:10     | Reached skill level 5 in Translocations
 14719 | D:10     | Reached *** piety under Vehumet
 14851 | D:10     | Noticed a two-headed ogre
 14865 | D:10     | Killed a two-headed ogre
 14865 | D:10     | Reached skill level 5 in Hexes
 15532 | D:10     | Found a staircase to the Lair.
 15549 | D:10     | Noticed Sonja
 15568 | D:10     | Killed Sonja
 15568 | D:10     | Reached skill level 6 in Translocations
 16022 | D:10     | Offered knowledge of Airstrike by Vehumet.
 16035 | D:10     | Reached skill level 6 in Hexes
 16238 | D:10     | Identified a potion of resistance
 16475 | Lair:1   | Entered Level 1 of the Lair of Beasts
 16492 | Lair:1   | Learned a level 4 spell: Airstrike
 16497 | Lair:1   | Noticed Erica
 16513 | Lair:1   | Killed Erica
 16513 | Lair:1   | Reached skill level 7 in Translocations
 16970 | Lair:1   | Noticed a five-headed hydra
 16989 | Lair:1   | Killed a five-headed hydra
 16989 | Lair:1   | Reached skill level 7 in Hexes
 17605 | Lair:2   | Reached skill level 1 in Fire Magic
 17698 | Lair:2   | Reached skill level 1 in Air Magic
 17713 | Lair:2   | Reached skill level 2 in Fire Magic
 18244 | Lair:2   | Reached skill level 2 in Air Magic
 18541 | Lair:2   | Found a staircase to the Swamp.
 18560 | Lair:2   | HP: 7/74 [vampire mosquito (9)]
 18567 | Lair:2   | HP: 6/74 [bullfrog (3)]
 18912 | Lair:2   | Reached XP level 12. HP: 81/81 MP: 23/26
 18977 | Lair:2   | Reached skill level 3 in Fire Magic
 19245 | Lair:2   | Reached skill level 3 in Air Magic
 19362 | Lair:2   | Noticed Harold
 19386 | Lair:2   | Killed Harold
 19386 | Lair:2   | Reached skill level 4 in Fire Magic
 19386 | Lair:2   | Reached skill level 4 in Air Magic
 19890 | Lair:3   | HP: 1/81 [black mamba (10)]
 19891 | Lair:2   | Succumbed to a cane toad's poison

Vanquished Creatures
  A hydra (Lair:1)
  Harold (Lair:2)
  Erica (Lair:1)
  A queen ant (D:9)
  2 two-headed ogres
  Sonja (D:10)
  Pikel (D:8)
  A black mamba (Lair:2)
  Psyche (D:9)
  A centaur zombie (D:10)
  A cane toad (Lair:2)
  A rime drake (Lair:2)
  A polar bear (Lair:2)
  Grinder (D:3)
  4 blink frogs (Lair:2)
  A shadow (D:7)
  A wyvern (Lair:1)
  A basilisk (Lair:2)
  A yak (D:9)
  Eustachio (D:6)
  A steam dragon (D:9)
  6 vampire mosquitoes (Lair:2)
  20 soldier ants (D:9)
  3 water moccasins
  2 ice beasts
  A sky beast (D:10)
  A hornet zombie (D:7)
  6 black bears
  5 orc warriors
  5 ogres
  A phantom (D:5)
  A necrophage (D:6)
  4 centaurs
  A lemure (D:8)
  12 bullfrogs
  A gnoll sergeant (D:7)
  A water moccasin zombie (D:7)
  6 scorpions
  2 jellies
  6 killer bees
  8 wights
  3 howler monkeys
  An electric eel (D:9)
  4 hounds
  4 orc priests
  A bullfrog zombie (D:5)
  12 orc wizards
  A bullfrog skeleton (D:10)
  3 iguanas
  22 worker ants
  2 hound zombies
  A hound skeleton (D:8)
  5 gnolls
  16 adders
  2 shadow imps
  2 white imps
  An ufetubus (D:8)
  An ooze (D:3)
  9 worms
  4 dart slugs
  6 leopard geckos
  49 orcs
  5 ball pythons
  4 bats
  5 giant cockroaches
  5 goblins
  6 hobgoblins
  7 jackals
  7 quokkas
  8 frilled lizards
  10 kobolds
  A leopard gecko skeleton (D:4)
  15 rats
339 creatures vanquished.

Vanquished Creatures (others)
  3 fulminant prisms
  43 fungi
  33 plants
79 creatures vanquished.

Grand Total: 418 creatures vanquished

Table legend: (Time is in decaauts)
 A = Elapsed time spent in this place.
 B = Non-inter-level travel time spent in this place.
 C = Inter-level travel time spent in this place.
 D = Time resting spent in this place.
 E = Time spent auto-exploring this place.
 F = Levels seen in this place.
 G = Mean time per level.
                   A        B        C        D        E       F      G
               +--------+--------+--------+--------+--------+-----+--------+
         Total |  20014 |  19638 |    376 |   6480 |  10430 |  15 | 1334.3 |
       Dungeon |  16476 |  16172 |    304 |   4833 |   8910 |  11 | 1497.8 |
        Temple |     86 |     86 |      0 |      0 |     44 |   1 |   86.0 |
          Lair |   3450 |   3378 |     72 |   1647 |   1476 |   3 | 1150.0 |
               +--------+--------+--------+--------+--------+-----+--------+

Top non-repeatable levels by time:
     D:9: 2628 daAuts
     D:2: 2164 daAuts
     D:7: 2057 daAuts
     D:6: 1997 daAuts
  Lair:2: 1914 daAuts
    D:10: 1545 daAuts
  Lair:1: 1526 daAuts
     D:4: 1295 daAuts
     D:3: 1267 daAuts
     D:8: 1265 daAuts
     D:5: 1190 daAuts
     D:1: 1062 daAuts
  Temple: 86 daAuts
  Lair:3: 10 daAuts
    D:11: 1 daAuts

Table legend:
 A = Non-vault XP
 B = Vault XP
 C = Vault XP percentage of total XP
 D = Non-vault monster count
 E = Vault monster count
 F = Vault count percentage of total count
                 A         B        C        D         E       F
            +---------+---------+-------+---------+---------+-------
      Total |   13471 |   11579 |  46.2 |     265 |      73 |  21.6
            +---------+---------+-------+---------+---------+-------
        D:1 |      25 |       0 |   0.0 |      15 |       0 |   0.0
        D:2 |     244 |       8 |   3.2 |      23 |       4 |  14.8
        D:3 |     136 |     254 |  65.1 |      36 |       1 |   2.7
        D:4 |     457 |       3 |   0.7 |      33 |       1 |   2.9
        D:5 |     400 |       0 |   0.0 |      13 |       0 |   0.0
        D:6 |    1726 |     197 |  10.2 |      33 |       1 |   2.9
        D:7 |    1574 |       0 |   0.0 |      38 |       0 |   0.0
        D:8 |    1728 |     634 |  26.8 |      20 |       6 |  23.1
        D:9 |    1242 |    5394 |  81.3 |      29 |      42 |  59.2
       D:10 |    1893 |    1748 |  48.0 |      11 |       9 |  45.0
     Lair:1 |    1280 |     918 |  41.8 |       3 |       1 |  25.0
     Lair:2 |    2766 |    2423 |  46.7 |      11 |       8 |  42.1
            +---------+---------+-------+---------+---------+-------
